 Dungeon Crawl Stone Soup version 0.30.0-17-ge0270778cf (webtiles) character file.

Game seed: 2360432756674449989

1680 Persephone the Thaumaturge (level 8, -14/64 HPs)
             Began as a Deep Elf Conjurer on May 21, 2023.
             Was a Follower of Makhleb.
             Killed by an exploding fulminant prism (19 damage)
             ... on level 6 of the Dungeon.
             The game lasted 00:25:49 (6792 turns).

Persephone the Thaumaturge (Deep Elf Conjurer)      Turns: 6792, Time: 00:25:50

Health: -14/64     AC: 24    Str:  4    XL:     8   Next: 71%
Magic:  17/31      EV:  2    Int: 26    God:    Makhleb [*.....]
Gold:   352        SH:  5    Dex: 13    Spells: 14/24 levels left

rFire   + . .        t - staff of fire
rCold   . . .        (no shield)
rNeg    . . .        r - melded +0 steam dragon scales
rPois   +            (helmet currently unavailable)
rElec   .            (cloak currently unavailable)
rCorr   .            (gloves currently unavailable)
SInv    .            (boots currently unavailable)
Will    .....        j - amulet of reflection
Stlth   ++           A - ring of poison resistance
HPRegen 0.30/turn    w - ring of magical power
MPRegen 0.22/turn

%: reflection
@: tree-form
A: stationary, stasis, torment immunity, boosted hp
a: Renounce Religion


You were on level 6 of the Dungeon.
You worshipped Makhleb.
Makhleb was aware of your devotion.
You were a tree.
You visited 1 branch of the dungeon, and saw 8 of its levels.

You collected 352 gold pieces.

Inventory:

Hand Weapons
 f - a +0 heavy short sword
Armour
 a - a +1 robe
 r - +0 steam dragon scales (melded)
Magical Staves
 t - a staff of fire (weapon)
Jewellery
 d - a ring of ice
 j - an amulet of reflection (around neck)
 w - a ring of magical power (right branch)
 A - a ring of poison resistance (left branch)
Wands
 n - a wand of flame (22)
 p - a wand of polymorph (8)
Scrolls
 e - 2 scrolls of teleportation
 i - a scroll of fear
 o - a scroll of enchant armour
 s - 2 scrolls of brand weapon
 y - a scroll of fog
Potions
 g - 6 potions of brilliance
 h - a potion of degeneration {unknown}
 k - a potion of resistance {unknown}
 l - 3 potions of haste
 m - 2 potions of lignification
 q - 3 potions of mutation {unknown}
 u - a potion of heal wounds {unknown}
 v - 2 potions of attraction {unknown}
 x - a potion of ambrosia {unknown}


   Skills:
 + Level 1.1 Fighting
 - Level 2.5 Dodging
 - Level 2.5 Stealth
 + Level 8.9 Spellcasting
 + Level 8.4 Conjurations
 + Level 7.8 Hexes


You had 14 spell levels left.
You knew the following spells:

 Your Spells              Type           Power      Damage    Failure   Level
a - Magic Dart            Conj           100%       1d8       1%          1
b - Searing Ray           Conj           100%       2d8       1%          2
c - Fulminant Prism       Conj/Hex       26%        3d14      1%          4
d - Dazzling Flash        Conj/Hex       100%       N/A       1%          3

Your spell library contained the following spells:

 Spells                   Type           Power      Damage    Failure   Level
 Slow                     Hex            100%       N/A       1%          1
 Confusing Touch          Hex            51%        N/A       1%          3
 Summon Guardian Golem    Hex/Summ       31%        N/A       3%          3
 Summon Small Mammal      Summ           44%        N/A       5%          1
 Lesser Beckoning         Tloc           22%        N/A       8%          2
 Iskenderun's Mystic Bla  Conj/Tloc      33%        2d8       9%          4
 Call Canine Familiar     Summ           11%        N/A       16%         3
 Gell's Gravitas          Tloc           11%        N/A       16%         3
 Teleport Other           Tloc           11%        N/A       16%         3
 Vampiric Draining        Necr           11%        2d6       16%         3


Dungeon Overview and Level Annotations

Branches:
Dungeon (8/15)             Temple (0/1) D:4            Lair (0/5) D:8

Altars:
Ashenzari
Cheibriados
Fedhas
Makhleb
Nemelex Xobeh
Sif Muna
Uskayaw
Vehumet
Xom

Shops:
D:4 *

Annotations:
D:8 Maggie


Message History

Something hits you. Something shocks you.
Casting: Fulminant Prism (dangerous; 1% risk of failure)
Confirm with . or Enter, or press ? or * to list all spells.
Aiming: Fulminant Prism (dangerous; 1% risk of failure)
Press: ? - help, Dir - move target You conjure a prism of explosive energy!
A fulminant prism comes into view.
Something barely misses you. Something hits you. Something shocks you.
* * * LOW HITPOINT WARNING * * *
Your fulminant prism crackles loudly.
Your fulminant prism explodes!
Unknown command.
Casting: Fulminant Prism (dangerous; 1% risk of failure)
Confirm with . or Enter, or press ? or * to list all spells.
Aiming: Fulminant Prism (dangerous; 1% risk of failure)
Press: ? - help, Dir - move target You see a ghostly outline there, and the spell fizzles.
Something hits you but does no damage.
Casting: Fulminant Prism (dangerous; 1% risk of failure)
Confirm with . or Enter, or press ? or * to list all spells.
Aiming: Fulminant Prism (dangerous; 1% risk of failure)
Press: ? - help, Dir - move target You conjure a prism of explosive energy!
A fulminant prism comes into view.
Something hits you.
* * * LOW HITPOINT WARNING * * *
Something shocks you.
* * * LOW HITPOINT WARNING * * *
Something hits you but does no damage.
Your fulminant prism crackles loudly.
It was a potion of lignification.
You turn into a tree.
Your +0 steam dragon scales melds into your body.
Your roots penetrate the ground.
Something hits you but does no damage.
Your fulminant prism explodes!
The blast of energy engulfs something!!
Makhleb accepts your kill.
Reactivating autopickup.
You feel a bit more experienced. The blast of energy engulfs you!!
You die...

########.# #........# #.######.#
#......... ##### ###.....##
####...### ### #.##..##
#####..'...+.# #.### #.##..##
.>....##...#.###...# #.##..##
......#<...+..##♣#.# #.##..##
......#....#..##†#.#######.##(.##
....[.#....#..#....##............
...##.#.......#..####.###.#######
..>##.#.......#............#.....
......#.......#.#####.#....#.##..
#'##########..#~# #.#.##.#.##.#
..# #.........#.# #.#.##.#.##.#
..###.######.##.# #.#.##.#.##.#


There were no monsters in sight!

Vanquished Creatures
  A steam dragon (D:6)
  An ice beast (D:5)
  An orc warrior (D:6)
  4 black bears
  2 sky beasts
  An ogre (D:4)
  A phantom (D:4)
  3 scorpions
  A howler monkey (D:6)
  5 hounds
  2 sleepcaps (D:7)
  A gnoll bouda (D:6)
  2 iguanas
  Natasha (thrice) (D:3)
  An orc wizard (D:6)
  5 gnolls (D:6)
  3 adders
  A white imp (D:5)
  An ufetubus (D:5)
  2 worms (D:2)
  3 dart slugs
  9 orcs
  6 ball pythons
  4 bats (D:2)
  6 endoplasms
  4 giant cockroaches
  6 goblins
  7 hobgoblins
  A quokka (D:1)
  A frilled lizard (D:3)
  8 kobolds
  3 rats
  2 fulminant prisms (D:8)
101 creatures vanquished.

Vanquished Creatures (others)
  6 fulminant prisms
6 creatures vanquished.

Grand Total: 107 creatures vanquished

Notes
Turn   | Place    | Note
-------+----------+-------------------------------------------
     0 | D:1      | Persephone the Deep Elf Conjurer began the quest for the
                  | Orb.
     0 | D:1      | Reached XP level 1. HP: 10/10 MP: 6/6
   116 | D:1      | Reached XP level 2. HP: 15/15 MP: 0/8
   639 | D:1      | Reached XP level 3. HP: 19/19 MP: 7/10
   958 | D:2      | Reached skill level 5 in Conjurations
  1196 | D:2      | Learned a level 2 spell: Searing Ray
  1574 | D:2      | Reached skill level 1 in Hexes
  1904 | D:3      | Found a burning altar of Makhleb.
  1917 | D:3      | Became a worshipper of Makhleb the Destroyer
  1956 | D:3      | Found a blossoming altar of Fedhas.
  2004 | D:3      | Noticed Natasha
  2008 | D:3      | Killed Natasha
  2009 | D:3      | Reached XP level 4. HP: 24/24 MP: 5/12
  2058 | D:3      | Noticed Natasha
  2063 | D:3      | Noticed a black bear
  2072 | D:3      | Killed Natasha
  2074 | D:3      | Killed a black bear
  2075 | D:3      | Reached skill level 5 in Spellcasting
  2075 | D:3      | Reached XP level 5. HP: 10/28 MP: 5/14
  2241 | D:3      | Learned a level 4 spell: Fulminant Prism
  2269 | D:3      | Noticed Natasha
  2274 | D:3      | Killed Natasha
  2704 | D:3      | Found a shimmering blue altar of Sif Muna.
  3333 | D:4      | Found Daofo's General Store.
  3520 | D:4      | Reached XP level 6. HP: 13/32 MP: 7/16
  3938 | D:4      | Found a staircase to the Ecumenical Temple.
  4157 | D:4      | Reached XP level 7. HP: 36/36 MP: 11/18
  4410 | D:5      | Entered Level 5 of the Dungeon
  4419 | D:5      | Found a snail-covered altar of Cheibriados.
  4459 | D:5      | Reached skill level 5 in Hexes
  4683 | D:5      | Found a shimmering altar of Xom.
  4722 | D:5      | Found a sparkling altar of Nemelex Xobeh.
  4802 | D:5      | Found a broken altar of Ashenzari.
  5518 | D:6      | Found a hide-covered altar of Uskayaw.
  5532 | D:6      | Found a radiant altar of Vehumet.
  5596 | D:6      | Learned a level 3 spell: Dazzling Flash
  5645 | D:6      | Noticed a steam dragon
  5656 | D:6      | Killed a steam dragon
  5657 | D:6      | Reached XP level 8. HP: 10/41 MP: 16/21
  5682 | D:6      | Reached * piety under Makhleb
  6119 | D:6      | You fall into a shaft and drop 2 floors!
  6120 | D:8      | Noticed Maggie
  6125 | D:8      | Noticed a two-headed ogre
  6139 | D:8      | Found a staircase to the Lair.
  6585 | D:6      | Reached skill level 1 in Fighting
  6792 | D:6      | Killed by an exploding fulminant prism

Illustrated notes

Levels and vault maps discovered:
D:1:      dpeg_arrival_round_a, layout_basic, hangedman_decor_push
D:2:      layout_basic, serial_bayou_pond_c
D:3:      layout_rooms, overflow_temple_1_default,
          mainiacjoe_overflow_six_doors_small, mainiacjoe_overflow_alcove_4,
          serial_co_window_serial, co_window_paths_a, co_window_corner_a,
          co_window_of_opportunity_a, co_window_paths_b, co_window_paths_b,
          co_window_cross_1, co_window_2corner, co_window_2corner,
          co_window_2corner, co_window_4corner_b, glass_columns_a,
          glass_columns_a, uniq_natasha
D:4:      layout_gridville, lemuel_temple_firewalk_b, serial_shops,
          nicolae_shop_tiny_real_fake_doors
D:5:      minmay_angry_zag, layout_basic, overflow_temple_1_default,
          old_standard_altar, cheibrodos_ashenzari_chains,
          mainiacjoe_overflow_cross_hatched
D:6:      cheibrodos_steamvent, layout_basic, mainiacjoe_overflow_big_doors
D:7:      layout_loops_ring
D:8:      layout_rooms, lair_entry_dummy, serial_shops, shop,
          nicolae_grassy_gnolls, uniq_maggie, uniq_grum

Skill      XL: |  1  2  3  4  5  6  7  8 |
---------------+-------------------------+-----
Spellcasting   | 4 5 6 7 8 |  8.9
Conjurations   | 5 6 7 8 |  8.4
Hexes          | 1 3 4 6 7 |  7.8
Fighting       | 1 |  1.1
Dodging        | |  2.5
Stealth        | |  2.5

Action                     |  1- 3 |  4- 6 |  7- 9 || total
---------------------------+-------+-------+-------++-------
  Melee: Whip              |     9 |       |       ||     9
         Short sword       |     8 |     4 |     1 ||    13
         Staff             |       |       |    13 ||    13
         Punch             |       |       |     1 ||     1
   Cast: Magic Dart        |    47 |    59 |    93 ||   199
         Searing Ray       |     9 |     9 |    37 ||    55
         Fulminant Prism   |       |       |    10 ||    10
    Use: Scroll            |     4 |     5 |     5 ||    14
         Potion            |       |     1 |     6 ||     7
   Stab: Sleeping          |     1 |       |       ||     1
 Armour: Robe              |     5 |     1 |     2 ||     8
         Steam dragon scal |       |       |    17 ||    17
         Skin              |       |       |     1 ||     1
  Dodge: Dodged            |     7 |     8 |    37 ||    52
  Block: Other             |     3 |     2 |    15 ||    20
